 Dungeon Crawl Stone Soup version 0.16-a0-2381-gbf6b861 (webtiles) character file.

147480 Fyery the Eclecticist (level 16, -8/121 HPs)
             Began as a Purple Draconian Fire Elementalist on Nov 16, 2014.
             Was the Champion of Sif Muna.
             Killed from afar by a starcursed mass (9 damage)
             ... with an accursed screaming
             ... on level 1 of the Abyss on Nov 17, 2014.
             The game lasted 06:20:05 (43288 turns).

Fyery the Eclecticist (DrFE)                       Turns: 43288, Time: 06:20:06

Health: -8/121     AC: 12    Str: 11    XL:     16   Next: 92%
Magic:  8/40       EV: 12    Int: 25    God:    Sif Muna [******]
Gold:   2253       SH:  7    Dex: 12    Spells: 11 memorised, 4 levels left

rFire  . . .     SeeInvis .     h - staff of conjuration
rCold  + . .     Clarity  .     (armour unavailable)
rNeg   . . .     SustAb   .     n - +2 buckler
rPois  +         Gourm    .     U - +1 hat
rElec  .         Spirit   .     x - +1 cloak
rCorr  .         Warding  .     (no gloves)
rMut   .         Stasis   .     (no boots)
MR     ++...                    R - amulet of faith
Stlth  +++.......               A - ring of poison resistance
                                j - ring "Threcra" {rC+ Int+3 Stlth+}

@: delayed fireball, very resistant to hostile enchantments, fairly stealthy
A: breathe power, unfitting armour, cold-blooded, AC +9
a: Breathe Dispelling Energy, Channel Energy, Forget Spell, Renounce Religion,
Release Delayed Fireball


You were on level 1 of the Abyss.
You worshipped Sif Muna.
Sif Muna was exalted by your worship.
You were not hungry.

You visited 5 branches of the dungeon, and saw 31 of its levels.
You visited the Abyss 1 time.
You also visited: Labyrinth.

You collected 2997 gold pieces.
You spent 744 gold pieces at shops.

Inventory:

Armour
 n - a +2 buckler (worn)
 x - a +1 cloak (worn)
 U - a +1 hat (worn)
Magical staves
 h - an uncursed staff of conjuration (weapon)
 p - an uncursed staff of wizardry
Rods
 T - a +1 rod of the swarm (12/12)
   (You found it on level 10 of the Dungeon)
Jewellery
 j - the ring "Threcra" (left hand) {rC+ Int+3 Stlth+}
   (You found it on level 5 of the Lair of Beasts)

   [ring of stealth]

   It affects your intelligence (+3).
   It protects you from cold.
   It makes you more stealthy.
 q - an uncursed ring of protection from cold
 s - an uncursed ring of fire
 u - an uncursed amulet of warding
 w - an uncursed ring of protection from fire
 A - a ring of poison resistance (right hand)
 J - an uncursed ring of wizardry
 P - an uncursed ring of see invisible
 R - an amulet of faith (around neck)
 S - an uncursed amulet of the gourmand
 Y - an uncursed ring of fire
Magical devices
 d - a wand of disintegration (15)
 f - a wand of lightning (2)
 g - a wand of random effects (37)
 m - a wand of fireball (4)
 C - a wand of disintegration (4)
 H - a wand of slowing (15)
 K - a wand of teleportation (5)
 L - a wand of digging (15)
 M - a wand of fire (3)
Scrolls
 i - 5 scrolls of remove curse
 k - a scroll of fog
 l - 2 scrolls of magic mapping
 t - 2 scrolls of brand weapon
 y - 2 scrolls of identify
 z - a scroll of torment {unknown}
 E - a scroll of acquirement {unknown}
Potions
 b - a potion of brilliance
 r - 2 potions of cure mutation
 B - a potion of invisibility
 G - a potion of beneficial mutation
 N - a potion of confusion {unknown}
 O - a potion of haste {unknown}
Books
 a - Sif Muna's Tome of Nocuous Conjuration
   (Sif Muna gifted it to you on level 5 of the Swamp)

   Spells                             Type                      Level
   Sting                              Conjuration/Poison           1
   Shock                              Conjuration/Air              1
   Throw Frost                        Conjuration/Ice              2
   *Fulminant Prism                   Conjuration/Hexes            4
   Venom Bolt                         Conjuration/Poison           5
   Spellforged Servitor               Conjuration/Summoning        7
 e - a Grand Grimoire {highlevel, unknown}

   This book is beyond your current level of understanding.

   Spells                             Type                      Level
   Aura of Abjuration                 Summoning                    6
   Forceful Dismissal                 Summoning                    6
   Summon Greater Demon               Summoning                    7
   Malign Gateway                     Summoning/Translocation      7
   Summon Horrible Things             Summoning                    8
 o - a Young Poisoner's Handbook

   Spells                             Type                      Level
   Sting                              Conjuration/Poison           1
   Cure Poison                        Poison                       2
   *Mephitic Cloud                    Conjuration/Poison/Air       3
   Olgreb's Toxic Radiance            Poison                       4
   Venom Bolt                         Conjuration/Poison           5
 X - a book of Unlife

   Spells                             Type                      Level
   Recall                             Summoning/Translocation      3
   Animate Dead                       Necromancy                   4
   Control Undead                     Necromancy                   4
   Twisted Resurrection               Necromancy                   5
   Death Channel                      Necromancy                   6
   Simulacrum                         Ice/Necromancy               6
Comestibles
 c - 3 bread rations
 Q - 11 royal jellies


   Skills:
 + Level 5.5 Fighting
 - Level 1.7 Dodging
 - Level 1.7 Stealth
 - Level 4.0 Shields
 + Level 18.9 Spellcasting
 - Level 16.4 Conjurations
 - Level 5.0 Charms
 + Level 13.9 Fire Magic
 - Level 1.0 Air Magic
 - Level 0.8 Poison Magic
 - Level 10.2 Invocations


You had 4 spell levels left.
You knew the following spells:

 Your Spells              Type           Power        Failure   Level  Hunger
a - Force Lance           Conj           ########     1%          5    None
b - Orb of Destruction    Conj           ########..   1%          7    #####..
c - Conjure Flame         Conj/Fire      #######.     0%          3    None
d - Fireball              Conj/Fire      #######...   1%          5    None
e - Ring of Flames        Chrm/Fire      ######....   38%         7    #####..
f - Delayed Fireball      Conj/Fire      N/A          30%         7    #####..
g - Iskenderun's Battles  Conj/Chrm      #######.     1%          5    None
h - Fulminant Prism       Conj/Hex       #######...   1%          4    None
i - Mephitic Cloud        Conj/Pois/Air  ######..     1%          3    None
j - Bolt of Fire          Conj/Fire      #######...   1%          6    ###....
k - Magic Dart            Conj           ####         0%          1    None


Dungeon Overview and Level Annotations

Branches:
Dungeon (13/15)            Temple (1/1) D:6            Lair (8/8) D:8
  Swamp (5/5) Lair:4       Spider (0/5) Lair:4        Slime (0/6) Lair:6
    Orc (4/4) D:10            Elf (0/3) Orc:3
 Vaults: D:13-14

Altars:
Ashenzari
Cheibriados
Dithmenos
Elyvilon
Fedhas
Gozag
Kikubaaqudgha
Makhleb
Nemelex Xobeh
Okawaru
Qazlal
Ru
Sif Muna
Trog
Vehumet
Xom
Yredelemnul
Zin
The Shining One
Beogh

Shops:
D:4 :   D:7 (*   D:10 ?   Orc:1 }   Orc:4 ?}(!

Annotations:
D:2 exclusion: oklob plant


Innate Abilities, Weirdness & Mutations

You can breathe bolts of energy.
You can dispel enchantments when you breathe energy.
Your rich purple scales are hard (AC +9).
Your body does not fit into most forms of armour.
Your cold-blooded metabolism reacts poorly to cold.


Message History

You miscast Ring of Flames.
Sif Muna protects you from the effects of your miscast!
You block the starcursed mass' attack.
The starcursed mass engulfs you but does no damage.
Casting: Ring of Flames
Confirm with . or Enter, or press ? or * to list all spells.
You miscast Ring of Flames.
Sif Muna protects you from the effects of your miscast!
The starcursed mass engulfs you but does no damage. x3
Casting: Ring of Flames
Confirm with . or Enter, or press ? or * to list all spells.
Okay, then.
Read which item? (? for menu, Esc to quit)
Charge which item? (? for menu, Esc to quit)
As you read the scroll of recharging, it crumbles to dust.
Your wand of teleportation {empty} glows for a moment.
The starcursed mass engulfs you!
* * * LOW HITPOINT WARNING * * *
A chorus of shrieks assaults your mind.
You die...

## #..# #.# #..
## ...##. #
###.##..#.#...#..
........#..#..#.#
..##..@##.#...#
#..[.#X#...# .
##.##XXX### ..#
#. ##..#. #..#
...#.........#
#......##..#.#
##.........#
#...#...#..#
#.#...### #


You could see 2 starcursed masses and a thrashing horror.

Vanquished Creatures
  Saint Roka (Orc:4)
  A tentacled monstrosity (Swamp:4)
  A tentacled starspawn (Abyss:1)
  2 thorn hunters
  A revenant (Abyss:1)
  Gastronok (D:10)
  A stone giant (Orc:4)
  Snorg (Lair:3)
  A minotaur (Lab)
  Josephine (Orc:3)
  Harold (Lair:4)
  18 hydras
  13 alligators
  Erica (Lair:4)
  6 orc high priests (Orc:4)
  22 death yaks
  A catoblepas (Lair:8)
  2 skeletal warriors (D:11)
  Erolcha (D:8)
  4 hill giants
  6 swamp dragons
  A shambling mangrove (Swamp:5)
  2 orc knights (Orc:4)
  A red wasp (Swamp:1)
  A necromancer (Swamp:1)
  3 griffons
  An ugly thing (D:11)
  A wolf spider (Lair:7)
  6 orc sorcerers
  A cyclops (D:12)
  8 elephants
  5 black mambas
  2 gargoyles
  18 spiny frogs
  12 komodo dragons
  4 fire drakes
  An ancient zyme (Abyss:1)
  2 spriggan druids
  A hydra zombie (Swamp:1)
  3 giant leeches
  2 polar bears
  6 two-headed ogres
  6 baby alligators
  5 trolls
  A small abomination (Abyss:1)
  5 bog bodies
  23 slime creatures
  A harpy skeleton (D:13)
  8 ravens
  12 blink frogs
  A red wasp zombie (Swamp:1)
  8 basilisks
  2 wyverns
  4 redbacks (Lair:8)
  15 spriggans
  2 shadows
  58 yaks
  A steam dragon (D:11)
  Grum (Orc:3)
  9 hippogriffs
  15 vampire mosquitoes
  32 swamp worms
  Edmund (D:6)
  2 wargs
  31 wolves
  20 water moccasins
  15 porcupines
  9 swamp drakes
  A phantom (D:8)
  46 orc warriors
  6 black bears
  2 ice beasts (D:11)
  20 ogres
  4 sky beasts
  9 yellow wasps
  2 big kobolds
  2 boring beetles
  7 centaurs
  Sigmund (D:5)
  A brain worm (Lair:7)
  16 crocodiles
  A komodo dragon zombie (Swamp:1)
  A wyvern zombie (D:10)
  11 insubstantial wisps (Swamp:1)
  27 giant frogs
  A wyvern skeleton (D:7)
  A water moccasin zombie (Swamp:1)
  2 fulminant prisms
  A water moccasin skeleton (D:7)
  3 scorpions
  20 killer bees
  A troll zombie (Orc:3)
  3 wights (D:11)
  An electric eel (Lair:5)
  6 crimson imps
  A gnoll shaman (D:7)
  3 goliath beetles
  19 jellies
  Crazy Yiuf (D:3)
  17 iguanas
  27 orc wizards
  3 giant frog skeletons
  A giant frog zombie (D:6)
  32 orc priests
  11 hounds
  8 worker ants
  23 sheep
  2 killer bee zombies
  2 hound skeletons
  A mummy (D:4)
  5 gnolls
  57 river rats
  A worker ant zombie (D:6)
  47 adders
  A swamp drake zombie (Swamp:1)
  5 shadow imps
  A giant mite (D:6)
  4 worms
  5 giant geckos
  10 oozes
  313 orcs
  A ball python (D:3)
  19 bats
  4 giant cockroaches
  22 hobgoblins
  5 jackals
  16 quokkas
  8 giant newts
  A giant spore (D:6)
  26 goblins
  A goblin skeleton (Orc:3)
  3 hobgoblin zombies
  27 kobolds
  An orc simulacrum (Orc:3)
  2 orc skeletons (Orc:3)
  10 orc zombies
  12 rats
  22 ballistomycetes
  A bush (Lair:5)
  10 fungi
  2 plants
  2 starspawn tentacles (Abyss:1)
1445 creatures vanquished.

Vanquished Creatures (collateral kills)
  2 yaks (D:10)
2 creatures vanquished.

Vanquished Creatures (others)
  A deep elf mage (D:10)
  A basilisk (Lair:6)
  2 spiders (D:10)
  A black bear (Lair:8)
  59 fulminant prisms
  A kobold (D:2)
  A giant spore (D:11)
  3 ballistomycetes (D:11)
  17 fungi
  5 plants
  5 starspawn tentacles (Abyss:1)
  21 starspawn tentacle segments (Abyss:1)
117 creatures vanquished.

Grand Total: 1564 creatures vanquished

Notes
Turn   | Place    | Note
--------------------------------------------------------------
     0 | D:1      | Fyery, the Draconian Fire Elementalist, began the quest for the Orb.
     0 | D:1      | Reached XP level 1. HP: 14/14 MP: 3/3
     2 | D:1      | Noticed a demigod
     2 | D:1      | Noticed a formicid
     4 | D:1      | Noticed a felid
     6 | D:1      | Noticed a naga
     6 | D:1      | Noticed a ghoul
     8 | D:1      | Noticed a dwarf
     8 | D:1      | Noticed a human
    10 | D:1      | Noticed a gargoyle
    12 | D:1      | Noticed an elf
    12 | D:1      | Noticed a draconian
    14 | D:1      | Noticed a merfolk
    16 | D:1      | Noticed a tengu
    16 | D:1      | Noticed a vine stalker
    18 | D:1      | Noticed a vampire
    20 | D:1      | Noticed a centaur
    20 | D:1      | Noticed a minotaur
    22 | D:1      | Noticed a troll
    22 | D:1      | Noticed an ogre
    24 | D:1      | Noticed a spriggan
    24 | D:1      | Noticed an octopode
    26 | D:1      | Noticed a demonspawn
   262 | D:1      | Reached XP level 2. HP: 20/20 MP: 2/4
   637 | D:1      | Learned a level 2 spell: Throw Flame
   804 | D:2      | Found a sparkling altar of Nemelex Xobeh.
   857 | D:2      | Reached XP level 3. HP: 26/26 MP: 0/6
   909 | D:2      | Learned a level 3 spell: Conjure Flame
  1184 | D:2      | Found an iron altar of Okawaru.
  1193 | D:2      | Found a glowing golden altar of the Shining One.
  1196 | D:2      | Noticed an angel
  1325 | D:2      | Reached XP level 4. HP: 33/33 MP: 1/7
  1706 | D:2      | Found a basalt altar of Yredelemnul.
  1707 | D:2      | Noticed a profane servitor
  1745 | D:2      | Found a blossoming altar of Fedhas.
  1778 | D:2      | Noticed an oklob plant
  2185 | D:3      | Reached skill level 4 in Conjurations
  2447 | D:3      | Reached XP level 5. HP: 38/38 MP: 6/9
  3109 | D:3      | Noticed Crazy Yiuf
  3116 | D:3      | Killed Crazy Yiuf
  3340 | D:3      | Found a glowing silver altar of Zin.
  3341 | D:3      | Noticed an angel
  4034 | D:4      | Found a sacrificial altar of Ru.
  4152 | D:4      | Found Icraym's Book Boutique.
  4159 | D:4      | Reached XP level 6. HP: 45/45 MP: 1/12
  4224 | D:4      | Found an ancient bone altar of Kikubaaqudgha.
  4741 | D:5      | Entered Level 5 of the Dungeon
  4766 | D:5      | Reached skill level 5 in Conjurations
  5128 | D:5      | Your scales start taking on a rich purple colour.
  5128 | D:5      | Reached XP level 7. HP: 50/50 MP: 6/17
  5543 | D:5      | Noticed Sigmund
  5563 | D:5      | Killed Sigmund
  5563 | D:5      | Reached skill level 5 in Fire Magic
  5835 | D:6      | Gained mutation: You are clumsy. (Dex -2) [mutagenic glow]
  6015 | D:6      | Reached skill level 5 in Spellcasting
  6427 | D:6      | Learned a level 5 spell: Fireball
  6546 | D:6      | Reached skill level 6 in Conjurations
  6755 | D:6      | Reached XP level 8. HP: 47/57 MP: 2/21
  7015 | D:6      | Noticed Edmund
  7029 | D:6      | Killed Edmund
  7615 | D:6      | Reached skill level 7 in Spellcasting
  7947 | D:6      | Found a staircase to the Ecumenical Temple.
  7953 | Temple   | Entered the Ecumenical Temple
  8364 | D:7      | Found Gozag's Platinum Reserve.
  8424 | D:7      | Found Pnigaase's Antique Weapon Shop.
  8428 | D:7      | Found a shadowy altar of Dithmenos.
  8535 | D:7      | Reached XP level 9. HP: 16/62 MP: 7/24
  8856 | D:7      | Found an opulent altar of Gozag.
  8939 | D:7      | Found a deep blue altar of Sif Muna.
  8944 | D:7      | Became a worshipper of Sif Muna the Loreminder
  8986 | D:7      | Got a flickering iron ring
  8987 | D:7      | Identified the ring of the Original Sin {SustAb Str+2} (You found it on level 7 of the Dungeon)
  9000 | D:7      | Learned a level 4 spell: Sticky Flame
  9020 | D:7      | Reached skill level 8 in Conjurations
  9195 | D:7      | Found a burning altar of Makhleb.
  9197 | D:7      | Found a bloodstained altar of Trog.
  9404 | D:7      | Acquired Sif Muna's first power
  9880 | D:8      | Reached skill level 9 in Conjurations
  9986 | D:8      | Acquired Sif Muna's second power
 10171 | D:8      | Reached skill level 1 in Fighting
 10391 | D:8      | Reached XP level 10. HP: 52/72 MP: 14/25
 10727 | D:8      | Noticed Erolcha
 10731 | D:8      | Killed Erolcha
 10731 | D:8      | Reached skill level 10 in Conjurations
 10899 | D:8      | Found a staircase to the Lair.
 11355 | D:9      | Found a radiant altar of Vehumet.
 11516 | D:9      | Reached skill level 10 in Fire Magic
 11539 | D:9      | Found a shattered altar of Ashenzari.
 12307 | D:10     | Entered Level 10 of the Dungeon
 12360 | D:10     | Acquired Sif Muna's third power
 12412 | D:10     | Found a staircase to the Orcish Mines.
 12486 | D:10     | Noticed a hill giant
 12504 | D:10     | Killed a hill giant
 12617 | D:10     | Noticed Gastronok
 13034 | D:10     | Reached XP level 11. HP: 80/80 MP: 23/29
 13160 | D:10     | Identified a +1 rod of the swarm (12/12) (You found it on level 10 of the Dungeon)
 13341 | D:10     | Found Thuebb Tiro's Magic Scroll Boutique.
 13393 | D:10     | Bought a scroll of holy word for 82 gold pieces
 13393 | D:10     | Bought a scroll of fear for 38 gold pieces
 13393 | D:10     | Bought a scroll of amnesia for 38 gold pieces
 13393 | D:10     | Bought a scroll of identify for 22 gold pieces
 13393 | D:10     | Bought a scroll of enchant weapon for 82 gold pieces
 13394 | D:10     | Noticed a hill giant
 13414 | D:10     | Killed a hill giant
 13460 | D:10     | Reached skill level 11 in Conjurations
 13472 | D:10     | Reached skill level 10 in Spellcasting
 13612 | D:10     | Killed Gastronok
 13919 | D:11     | Found a labyrinth entrance.
 13929 | Lab      | Entered a labyrinth
 14322 | Lab      | Noticed a minotaur
 14332 | Lab      | Killed a minotaur
 15204 | D:11     | Received a gift from Sif Muna
 15210 | D:11     | Identified Sif Muna's Tome of Combat Magic (Sif Muna gifted it to you on level 11 of the Dungeon)
 15318 | D:11     | Learned a level 4 spell: Iskenderun's Mystic Blast
 15428 | D:11     | Noticed a seven-headed hydra
 15444 | D:11     | Killed a seven-headed hydra
 15670 | D:11     | Noticed a skeletal warrior
 15670 | D:11     | Noticed a skeletal warrior
 15672 | D:11     | Noticed a skeletal warrior
 15675 | D:11     | Killed a skeletal warrior
 15986 | D:10     | Learned a level 3 spell: Inner Flame
 16135 | D:11     | Reached XP level 12. HP: 89/89 MP: 22/32
 16175 | D:11     | Noticed a skeletal warrior
 16188 | D:11     | Killed a skeletal warrior
 16527 | D:12     | Reached skill level 12 in Spellcasting
 16826 | D:12     | Noticed a four-headed hydra
 16841 | D:12     | Killed a four-headed hydra
 17309 | D:12     | Received a gift from Sif Muna
 17310 | D:12     | Identified Sif Muna's Handbook of Arcane Weapons (Sif Muna gifted it to you on level 12 of the Dungeon)
 17316 | D:12     | Learned a level 4 spell: Fulminant Prism
 17933 | Lair:1   | Entered Level 1 of the Lair of Beasts
 18169 | Lair:1   | Learned a level 3 spell: Mephitic Cloud
 18842 | Lair:2   | Reached skill level 13 in Spellcasting
 20129 | Lair:2   | Received a gift from Sif Muna
 20140 | Lair:2   | HP: 4/91 [death yak (16)]
 20143 | Lair:2   | Reached skill level 14 in Spellcasting
 20468 | Lair:2   | Identified Sif Muna's Disquisition on the Damaging Volcanoes (Sif Muna gifted it to you on level 2 of the Lair of Beasts)
 20476 | Lair:2   | Learned a level 6 spell: Bolt of Fire
 20584 | Lair:2   | Reached XP level 13. HP: 96/96 MP: 16/34
 21208 | Lair:3   | Noticed Snorg
 21222 | Lair:3   | Killed Snorg
 21433 | Lair:3   | Reached skill level 1 in Invocations
 22905 | Lair:4   | Noticed Harold
 23256 | Lair:3   | Received a gift from Sif Muna
 23259 | Lair:3   | Identified Sif Muna's Catalogue of Conjuration (Sif Muna gifted it to you on level 3 of the Lair of Beasts)
 23266 | Lair:3   | Learned a level 5 spell: Force Lance
 24104 | Lair:4   | Killed Harold
 24207 | Lair:4   | Noticed Erica
 24297 | Lair:4   | Killed Erica
 24401 | Lair:4   | Reached skill level 15 in Spellcasting
 24505 | Lair:4   | Found a hole to the Spider Nest.
 24642 | Lair:4   | Learned a level 7 spell: Orb of Destruction
 24770 | Lair:4   | Found a staircase to the Swamp.
 25621 | Lair:4   | Reached skill level 5 in Invocations
 26645 | Lair:4   | Reached XP level 14. HP: 70/105 MP: 14/36
 26956 | Lair:5   | Got a flickering golden ring
 27221 | Lair:5   | Received a gift from Sif Muna
 27227 | Lair:5   | Identified Sif Muna's Compendium of Cankerous Combat Magic (Sif Muna gifted it to you on level 5 of the Lair of Beasts)
 28463 | Lair:6   | Reached skill level 16 in Spellcasting
 28558 | Lair:6   | Reached skill level 5 in Fighting
 28576 | Lair:6   | Found a staircase to the Slime Pits.
 28580 | Lair:6   | Identified the ring "Threcra" {rC+ Int+3 Stlth+} (You found it on level 5 of the Lair of Beasts)
 28725 | Lair:6   | Reached skill level 15 in Conjurations
 28954 | Lair:1   | Learned a level 7 spell: Delayed Fireball
 29533 | Lair:7   | Reached skill level 1 in Shields
 30427 | Lair:8   | Entered Level 8 of the Lair of Beasts
 30606 | Lair:8   | Upgraded the game from 0.16-a0-2278-gad6c6b8 to 0.16-a0-2319-g575aa7f
 31276 | Lair:8   | Received a gift from Sif Muna
 32228 | Lair:8   | Reached XP level 15. HP: 84/113 MP: 0/38
 32387 | Lair:8   | Learned a level 5 spell: Iskenderun's Battlesphere
 32476 | Lair:8   | Received a gift from Sif Muna
 33045 | Orc:1    | Entered Level 1 of the Orcish Mines
 33587 | Orc:2    | Reached skill level 17 in Spellcasting
 33688 | Orc:2    | Found an iron altar of Okawaru.
 33788 | Orc:2    | Found a roughly hewn altar of Beogh.
 34034 | Orc:1    | Learned a level 1 spell: Magic Dart
 34148 | Orc:1    | Found Ghiac's Gadget Shoppe.
 34305 | Orc:3    | Noticed Josephine
 34411 | Orc:3    | Noticed Grum
 34420 | Orc:3    | Killed Grum
 34510 | Orc:3    | Found a staircase to the Elven Halls.
 34533 | Orc:3    | Killed Josephine
 34718 | Orc:3    | Found an iron altar of Okawaru.
 35146 | Orc:4    | Entered Level 4 of the Orcish Mines
 36027 | Orc:4    | Found a runed door.
 36164 | Orc:4    | Noticed Saint Roka
 36189 | Orc:4    | Killed Saint Roka
 36427 | Orc:4    | Found a roughly hewn altar of Beogh.
 36475 | Orc:4    | Received a gift from Sif Muna
 36476 | Orc:4    | Identified Sif Muna's Handbook of Toxic Conjuration (Sif Muna gifted it to you on level 4 of the Orcish Mines)
 36601 | Orc:4    | Found Huhum's Gadget Boutique.
 36762 | Orc:4    | Found Strilez's Magic Scroll Shop.
 36773 | Orc:4    | Bought a scroll of identify for 22 gold pieces
 36773 | Orc:4    | Bought a scroll of brand weapon for 220 gold pieces
 37241 | Orc:4    | Found a roughly hewn altar of Beogh.
 37396 | Orc:4    | Found Psaen's Antique Weapon Boutique.
 37433 | Orc:4    | Found Phuup's Distillery.
 37438 | Orc:4    | Bought a potion of might for 48 gold pieces
 37438 | Orc:4    | Bought a potion of cancellation for 96 gold pieces
 37438 | Orc:4    | Bought a potion of curing for 36 gold pieces
 37438 | Orc:4    | Bought a potion of heal wounds for 60 gold pieces
 38205 | D:8      | Reached skill level 1 in Charms
 38367 | Lair:1   | Learned a level 7 spell: Ring of Flames
 38523 | Swamp:1  | Entered Level 1 of the Swamp
 39645 | Swamp:1  | Reached skill level 1 in Air Magic
 39722 | Swamp:1  | Received a gift from Sif Muna
 39723 | Swamp:1  | Identified Sif Muna's Collected Works on Confrontation (Sif Muna gifted it to you on level 1 of the Swamp)
 39890 | Swamp:2  | Reached XP level 16. HP: 121/121 MP: 30/39
 39974 | Swamp:2  | Reached skill level 5 in Charms
 40250 | Swamp:2  | Found a deep blue altar of Sif Muna.
 40890 | Swamp:3  | Reached skill level 18 in Spellcasting
 40950 | Swamp:3  | Upgraded the game from 0.16-a0-2319-g575aa7f to 0.16-a0-2381-gbf6b861
 41434 | Swamp:4  | Noticed a tentacled monstrosity
 41438 | Swamp:4  | Killed a tentacled monstrosity
 42169 | Swamp:5  | Entered Level 5 of the Swamp
 42490 | Swamp:5  | Reached skill level 10 in Invocations
 42567 | Swamp:5  | Received a gift from Sif Muna
 42594 | Swamp:5  | Identified Sif Muna's Tome of Nocuous Conjuration (Sif Muna gifted it to you on level 5 of the Swamp)
 42862 | Swamp:5  | Cast into the Abyss (the power of Zot)
 42973 | Abyss:1  | Noticed a profane servitor
 42982 | Abyss:1  | Lost mutation: You are clumsy. (Dex -2) [potion of cure mutation]
 43123 | Abyss:1  | Noticed a tentacled starspawn
 43157 | Abyss:1  | Noticed a tentacled starspawn
 43163 | Abyss:1  | Noticed a tentacled starspawn
 43184 | Abyss:1  | Killed a tentacled starspawn
 43288 | Abyss:1  | HP: 1/121 [starcursed mass (10)]
 43288 | Abyss:1  | Killed from afar by a starcursed mass

Action                   |  1- 3 |  4- 6 |  7- 9 | 10-12 | 13-15 | 16-18 || total
-------------------------+-------+-------+-------+-------+-------+-------++-------
Melee: Unarmed           |     2 |       |       |       |       |       ||     2
       Club              |     1 |       |       |       |       |       ||     1
       Short sword       |    17 |       |       |       |       |       ||    17
       Dagger            |    18 |    32 |       |       |       |       ||    50
       Quarterstaff      |       |    32 |    32 |       |       |       ||    64
       Whip              |       |     3 |    49 |    47 |       |       ||    99
       Scythe            |       |       |     8 |       |       |       ||     8
       Dire flail        |       |       |       |    30 |       |       ||    30
       Staff             |       |       |       |     5 |    13 |     1 ||    19
       Rod               |       |       |       |     1 |       |       ||     1
 Fire: Blowgun           |       |       |    18 |    19 |       |       ||    37
 Cast: Flame Tongue      |    35 |   127 |   238 |   327 |     6 |       ||   733
       Throw Flame       |     5 |    21 |    58 |    94 |    69 |       ||   247
       Conjure Flame     |       |     9 |    50 |    62 |    54 |     1 ||   176
       Fireball          |       |       |     3 |    29 |   389 |   142 ||   563
       Sticky Flame      |       |       |     9 |    45 |    44 |       ||    98
       Iskenderun's Myst |       |       |       |    68 |    23 |       ||    91
       Inner Flame       |       |       |       |     4 |       |       ||     4
       Mephitic Cloud    |       |       |       |     3 |    69 |       ||    72
       Fulminant Prism   |       |       |       |     3 |    57 |     3 ||    63
       Bolt of Fire      |       |       |       |       |    93 |     6 ||    99
       Force Lance       |       |       |       |       |    76 |    15 ||    91
       Orb of Destructio |       |       |       |       |    35 |     6 ||    41
       Delayed Fireball  |       |       |       |       |     5 |     2 ||     7
       Magic Dart        |       |       |       |       |   328 |    46 ||   374
       Iskenderun's Batt |       |       |       |       |    80 |    40 ||   120
       Ring of Flames    |       |       |       |       |     1 |     4 ||     5
Invok: Channel Energy    |       |       |       |     6 |   987 |   198 ||  1191
       Forget Spell      |       |       |       |       |     5 |       ||     5
 Abil: Breathe Dispellin |       |       |       |     4 |     3 |     1 ||     8
       Release Delayed F |       |       |       |       |     4 |     2 ||     6
Evoke: Wand              |       |       |     4 |     2 |    13 |     5 ||    24
       Rod               |       |       |       |     3 |       |       ||     3
  Use: Potion            |       |     3 |     1 |     1 |     5 |     7 ||    17
       Scroll            |       |    12 |     2 |     8 |    11 |     8 ||    41
 Stab: Sleeping          |     1 |     1 |       |     1 |       |       ||     3
       Invisible         |       |     1 |       |       |       |       ||     1
  Eat: Chunk             |     1 |    14 |    17 |    38 |   210 |    32 ||   312
       Beef jerky        |       |     1 |     1 |     1 |       |     1 ||     4
       Pizza             |       |       |       |     1 |     1 |       ||     2
       Fruit             |       |       |       |       |     6 |       ||     6
       Meat ration       |       |       |       |       |     6 |     1 ||     7
       Bread ration      |       |       |       |       |       |     1 ||     1
       Royal jelly       |       |       |       |       |       |     1 ||     1
